Map: [ESL] Cosmic Sapphire

Players

goblin

  • Race: Protoss Protoss
  • Spawn Location: 5:00

Spirit - Winner!

  • Race: Terran Terran
  • Spawn Location: 11:00

Event: DreamHack SC2 Masters 2022 Atlanta (Online)

VOD

Have the link to the VOD?

Description

Time

  • Played on: Oct. 12, 2022, 10:58 a.m.
  • Length: 8:51

All games in this series

Show
View Real Time Build Order
Export as new Build Order

goblin Protoss 

Build Orders: 1 Gate Expand, Phoenix Opening 

Get SALT Encoding   

  12  0:00  Probe  
  13  0:12  Probe  
  14  0:17  Pylon  
  14  0:24  Probe (Chrono Boost)  
  15  0:36  Gateway, Probe (Chrono Boost)  
  16  0:44  Probe (Chrono Boost)  
  16  0:45  Assimilator  
  17  0:51  Probe  
  18  1:03  Probe  
  19  1:18  Probe  
  20  1:23  Cybernetics Core  
  20  1:33  Nexus  
  20  1:40  Zealot (Chrono Boost)  
  22  1:47  Pylon  
  22  1:49  Probe  
  23  1:54  Assimilator  
  23  2:05  Adept (Chrono Boost), Probe  
  26  2:17  Probe  
  27  2:29  Stargate, Probe  
  28  2:32  Stalker  
  29  2:41  Warp Gate  
  29  2:43  Probe (Chrono Boost)  
  30  2:46  Probe (Chrono Boost)  
  30  2:51  Shield Battery  
  31  2:56  Probe (Chrono Boost)  
  31  2:58  Probe (Chrono Boost)  
  33  3:01  Probe (Chrono Boost)  
  33  3:03  Stalker  
  36  3:09  Probe  
  37  3:14  Phoenix (Chrono Boost)  
  37  3:16  Probe  
  37  3:19  Pylon  
  40  3:24  Probe  
  41  3:33  Robotics Facility, Probe  
  42  3:36  Probe  
  43  3:45  Probe  
  42  3:48  Probe  
  40  4:05  Probe x2  
  42  4:17  Probe  
  42  4:21  Nexus  
  42  4:23  Observer (Chrono Boost)  
  43  4:29  Probe  
  43  4:30  Observer  
  43  4:31  Probe  
  30  4:55  Probe (Chrono Boost)  
  30  4:58  Observer  
  27  5:04  Probe (Chrono Boost)  
  27  5:07  Probe (Chrono Boost)  
  25  5:12  Probe (Chrono Boost)  
  26  5:18  Probe  
  26  5:49  Probe  
  27  5:52  Observer  
  27  5:55  Sentry  
  29  5:57  Observer  
  29  6:01  Probe (Chrono Boost)  
  30  6:09  Probe (Chrono Boost)  
  30  6:10  Observer, Probe (Chrono Boost)  
  32  6:13  Probe (Chrono Boost)  
  34  6:19  Probe (Chrono Boost)  
  34  6:20  Probe (Chrono Boost)  
  34  6:22  Probe (Chrono Boost)  
  34  6:24  Probe (Chrono Boost)  
  36  6:29  Probe (Chrono Boost)  
  38  6:32  Immortal (Chrono Boost)  
  38  6:33  Probe (Chrono Boost)  
  38  6:38  Probe (Chrono Boost)  
  44  6:41  Probe (Chrono Boost)  
  44  6:45  Probe (Chrono Boost)  
  44  6:46  Observer  
  46  6:48  Probe (Chrono Boost)  
  46  6:49  Probe (Chrono Boost)  
  46  6:51  Adept, Probe (Chrono Boost)  
  51  6:54  Probe  
  51  6:55  Probe  
  51  7:00  Probe  
  54  7:06  Probe  
  54  7:07  Probe  
  56  7:11  Adept  
  56  7:12  Pylon  
  56  7:13  Observer  
  56  7:15  Immortal (Chrono Boost)  
  58  7:19  Probe  
  58  7:21  Probe  
  58  7:22  Probe  
  65  7:28  Shield Battery  
  65  7:34  Probe  
  65  7:36  Adept  
  68  7:39  Robotics Bay, Probe  
  69  7:44  Probe  
  69  7:50  Pylon  
  70  7:51  Gateway  
  70  7:53  Gateway  
  70  7:58  Adept  
  70  8:02  Pylon  
  66  8:17  Probe  
  67  8:21  Pylon  
  67  8:24  Pylon  
  67  8:35  Probe x2  
Show
View Real Time Build Order
Export as new Build Order

Spirit Terran - Winner!

Build Orders: 1/1/1, Widow Mine Drop 

Get SALT Encoding   

  12  0:00  SCV  
  13  0:12  SCV  
  14  0:20  Supply Depot  
  14  0:24  SCV  
  15  0:42  SCV  
  16  0:43  Barracks  
  16  0:46  Refinery  
  16  0:54  SCV  
  16  0:55  Refinery  
  17  1:06  SCV  
  18  1:18  SCV  
  19  1:29  Marine  
  19  1:30  Orbital Command  
  20  1:34  Factory  
  20  1:43  Supply Depot  
  20  1:47  Barracks Reactor  
  20  1:56  SCV  
  21  2:08  SCV  
  22  2:17  Starport  
  22  2:20  SCV  
  23  2:28  Supply Depot, Widow Mine x2  
  27  2:32  SCV  
  28  2:44  SCV  
  28  2:49  Widow Mine  
  28  2:50  Widow Mine  
  33  2:53  Medivac  
  33  2:57  Armory  
  35  3:02  Supply Depot  
  34  3:06  SCV  
  34  3:12  Widow Mine  
  37  3:16  Widow Mine  
  39  3:24  Marine  
  39  3:28  Medivac  
  39  3:34  SCV  
  41  3:39  Widow Mine  
  42  3:43  Widow Mine  
  42  3:47  SCV  
  45  3:59  SCV  
  46  4:09  Barracks Reactor  
  50  4:10  Supply Depot, Widow Mine x2  
  50  4:42  SCV, Command Center  
  48  5:00  SCV  
  48  5:01  Barracks  
  48  5:02  Barracks  
  48  5:03  Marine  
  47  5:12  SCV  
  47  5:14  Marine  
  47  5:21  Marine  
  47  5:24  SCV  
  47  5:32  Marine  
  46  5:36  SCV  
  46  5:39  Marine  
  46  5:42  Engineering Bay  
  46  5:48  SCV  
  46  5:49  Marine  
  47  5:50  Barracks Tech Lab  
  47  5:55  Orbital Command  
  44  5:57  Marine  
  44  6:00  Barracks Tech Lab  
  44  6:01  SCV  
  46  6:11  Marauder  
  46  6:13  Stimpack  
  46  6:16  Marine  
  46  6:18  SCV  
  46  6:23  Combat Shield  
  46  6:24  SCV  
  47  6:28  Terran Infantry Weapons Level 1  
  47  6:30  SCV  
  47  6:31  Marine  
  47  6:32  Marine  
  47  6:34  Marine  
  47  6:36  Marine  
  47  6:38  SCV  
  51  6:42  SCV  
  51  6:45  Medivac  
  54  6:47  Medivac  
  54  6:50  SCV  
  54  6:52  Marauder  
  59  6:54  SCV  
  59  6:55  Marauder  
  59  6:56  Marine x2  
  64  7:02  SCV  
  64  7:05  Factory Reactor  
  64  7:06  Refinery  
  64  7:07  Missile Turret  
  65  7:09  Supply Depot  
  65  7:12  SCV  
  65  7:13  Marine  
  65  7:14  SCV  
  68  7:16  Marauder  
  70  7:24  Refinery, Marine, SCV  
  70  7:26  SCV  
  73  7:31  Supply Depot  
  73  7:33  Supply Depot, Marine  
  75  7:41  Concussive Shells, Marauder, Marine  
  78  7:49  SCV  
  78  7:53  Factory Reactor, Marine  
  78  7:56  SCV  
  78  7:57  Command Center  
  80  7:59  Marauder  
  80  8:01  SCV  
  80  8:05  Marine  
  83  8:08  SCV, Medivac x2  
  83  8:10  Marine  
  83  8:11  Marauder  
  92  8:13  SCV  
  93  8:21  Supply Depot x2, Marauder  
  93  8:23  Marine  
  93  8:24  SCV  
  93  8:26  SCV  
  98  8:28  Marine  
  99  8:36  SCV  
  99  8:39  SCV  
Tags
 
Add a new tag
Caveats
  • Supply blocks, unpowered buildings, or Contaminate may cause inaccurate times.
  • Supply counts are checked every 10 seconds.